AoeStats
← MXTS | FiredLand

Arena

507729581Analyzed
4v4 RM · 12d ago on Sep 19, 2026· 41m 52s· 8 players
Game mode
Random Map
Map size
Large (8 player)
Population
200
Speed
Normal
Resources
Standard
Victory
Conquest
Starting age
Dark Age
Ending age
Imperial Age
RankedLock teamsTeams togetherTeam positionsShared explorationLock speedFull tech treeHidden civsTurbo modeCheats
Victory
Defeat
🇲🇽 Italians · Mexico
1477
+14
🇨🇭 Koreans · Switzerland
1457
+15
🇪🇸 Lithuanians · Spain
1408
+17
🇫🇷 Tatars · France
1399
+18
🇧🇴 Hindustanis · Bolivia
1504
-19
🇲🇽 Bohemians · Mexico
1500
-18
🇦🇺 Lithuanians · Australia
1437
-16
🇪🇸 Persians · Spain
1318
-11
MXTS | FiredLand
10:43 Feudal Age
14:34 Castle Age
12:41 Double-Bit Axe
12:44 Horse Collar
13:52 Padded Archer Armor
13:58 Loom
15:27 Bow Saw
15:18 Heavy Plow
15:36 Loom
17:53 Chemistry
23:25 Leather Archer Armor
28:01 Fletching
33:44 Wheelbarrow
32:54 Town Watch
32:45 Elite Skirmisher
33:21 Bodkin Arrow
36:49 Imperial Age
34:03 Elite Skirmisher
34:49 Bodkin Arrow
35:45 Forging
35:35 Scale Mail Armor
35:18 Pikeman
35:58 Squires
36:20 Squires
37:44 Ballistics
37:36 Bracer
40:38 Iron Casting
41:07 Ring Archer Armor
Radon Randell
7:30 Loom
10:10 Feudal Age
13:50 Castle Age
13:15 Forging
13:01 Double-Bit Axe
17:55 Fervor
20:11 Wheelbarrow
22:05 Horse Collar
23:47 Town Watch
24:24 Bow Saw
25:08 Fletching
26:38 Scale Barding Armor
28:00 Bloodlines
28:49 Heavy Plow
31:06 Chain Barding Armor
35:36 Gold Mining
38:53 Imperial Age
39:44 Bodkin Arrow
39:15 Cavalier
39:55 Husbandry
41:38 Plate Barding Armor
41:53 Conscription
MXTS | Bl4cK
10:07 Feudal Age
14:02 Castle Age
13:36 Double-Bit Axe
16:23 Wheelbarrow
16:34 Loom
19:21 Horse Collar
21:45 Bow Saw
22:26 Town Watch
23:03 Hand Cart
29:49 Imperial Age
27:19 Fletching
27:29 Padded Archer Armor
27:41 Elite Skirmisher
28:19 Bodkin Arrow
28:30 Kamandaran
29:05 Leather Archer Armor
28:17 Crossbowman
29:02 Thumb Ring
29:52 Ballistics
30:05 Heavy Plow
31:11 Two-Man Saw
30:49 Ring Archer Armor
31:34 Chemistry
31:41 Scale Barding Armor
31:47 Forging
31:41 Husbandry
31:52 Bloodlines
32:23 Conscription
32:04 Cavalier
33:34 Gold Mining
34:18 Chain Barding Armor
34:34 Iron Casting
35:10 Savar
37:02 Plate Barding Armor
40:28 Blast Furnace
40:50 Crop Rotation
41:00 Gold Shaft Mining
MXTS | RazMM
11:16 Feudal Age
14:49 Castle Age
13:14 Double-Bit Axe
13:10 Horse Collar
17:40 Pikeman
19:34 Devotion
20:35 Squires
22:32 Bow Saw
22:39 Heavy Plow
23:22 Fletching
24:14 Forging
25:19 Wheelbarrow
25:59 Bodkin Arrow
26:42 Scale Barding Armor
28:09 Husbandry
30:13 Iron Casting
29:57 Gold Mining
31:54 Chain Barding Armor
35:15 Imperial Age
34:28 Bloodlines
38:13 Chemistry
37:22 Bracer
37:45 Stone Mining
38:32 Gold Shaft Mining
38:38 Conscription
39:03 Ballistics
EXILE | Ivanistico
12:13 Feudal Age
16:26 Castle Age
14:18 Double-Bit Axe
20:57 Imperial Age
19:42 Gold Mining
19:48 Loom
20:13 Fletching
22:40 Chemistry
25:01 Conscription
25:55 Scale Mail Armor
27:07 Bodkin Arrow
38:08 Wheelbarrow
37:45 Bow Saw
37:15 Horse Collar
37:54 Bracer
38:19 Padded Archer Armor
41:04 Leather Archer Armor
41:11 Ballistics
Zlap
11:29 Feudal Age
15:00 Castle Age
12:54 Double-Bit Axe
14:10 Horse Collar
20:25 Fletching
20:24 Loom
22:19 Bodkin Arrow
23:56 Wheelbarrow
23:45 Loom
25:49 Hand Cart
27:29 Devotion
28:52 Ballistics
31:26 Heavy Plow
31:39 Bow Saw
36:46 Imperial Age
34:30 Scale Mail Armor
34:41 Forging
34:49 Gold Mining
34:49 Stone Mining
37:13 Gold Shaft Mining
36:26 Town Watch
37:45 Coinage
38:09 Conscription
37:55 Bracer
39:03 Chemistry
38:15 Elite War Wagon
39:02 Siege Engineers
40:17 Chain Mail Armor
40:37 Iron Casting
39:44 Treadmill Crane
40:06 Squires
39:51 Arson
41:50 Two-Man Saw
42:06 Plate Mail Armor
40:58 Elite Fire Lancer
42:23 Murder Holes
Hecktelion
9:46 Feudal Age
14:04 Castle Age
12:20 Double-Bit Axe
12:58 Horse Collar
20:03 Wheelbarrow
22:52 Heavy Plow
23:01 Loom
23:30 Stone Mining
24:11 Gold Mining
25:54 Gold Shaft Mining
26:38 Hand Cart
30:24 Imperial Age
28:28 Ballistics
28:16 Fletching
28:27 Padded Archer Armor
29:37 Bow Saw
29:26 Bodkin Arrow
29:44 Bloodlines
29:35 Husbandry
30:23 Leather Archer Armor
30:36 Masonry
31:09 Silk Armor
32:27 Chemistry
31:34 Bracer
32:04 Ring Archer Armor
31:02 Heavy Cavalry Archer
32:10 Conscription
32:45 Murder Holes
32:56 Siege Engineers
35:55 Treadmill Crane
37:22 Elite Steppe Lancer
38:16 Forging
38:12 Scale Barding Armor
40:53 Iron Casting
40:39 Chain Barding Armor
42:33 Blast Furnace
MAIXA
10:32 Feudal Age
14:06 Castle Age
11:58 Double-Bit Axe
15:13 Bow Saw
14:44 Horse Collar
19:16 Heavy Plow
23:11 Wheelbarrow
22:29 Gold Mining
23:22 Bloodlines
24:29 Husbandry
25:24 Scale Barding Armor
26:01 Forging
26:54 Loom
31:04 Hand Cart
33:24 Imperial Age
31:25 Chain Barding Armor
32:57 Iron Casting
32:22 Town Watch
32:22 Pikeman
33:26 Squires
33:53 Scale Mail Armor
33:41 Arson
33:27 Cavalier
34:26 Halberdier
35:25 Chain Mail Armor
35:48 Plate Barding Armor
37:19 Chemistry
38:03 Chain Mail Armor
38:44 Treadmill Crane
39:20 Masonry
39:02 Fletching
41:11 Paladin
Connection lost

Rejoining the realm…

Still unreachable

The connection could not be restored.

Session expired

The server has moved on; the page needs a fresh start.